 Dungeon Crawl Stone Soup version 0.16.2-12-gd0ad4c3 (webtiles) character file.

14 faibistes the Magician (level 2, -1/22 HPs)
             Began as a Deep Elf Wizard on Dec 18, 2017.
             Was an Initiate of Sif Muna.
             Killed from afar by an orc wizard (3 damage)
             ... with a magic dart
             ... on level 3 of the Dungeon.
             The game lasted 00:02:23 (503 turns).

faibistes the Magician (Deep Elf Wizard)             Turns: 503, Time: 00:02:23

Health: -1/22      AC: 21    Str:  4    XL:     2   Next: 27%
Magic:  3/9        EV:  2    Int: 22    God:    Sif Muna [......]
Gold:   13         SH:  0    Dex: 18    Spells: 3 memorised, 5 levels left

rFire  . . .     SeeInvis .     h - +0 short sword
rCold  . . .     Clarity  .     a - melded +0 robe
rNeg   + + +     SustAb   .     (no shield)
rPois  +         Gourm    .     b - melded +0 hat
rElec  .         Spirit   .     (cloak currently unavailable)
rCorr  .         Warding  .     (gloves currently unavailable)
rMut   .         NoTele   +     (boots currently unavailable)
MR     .....                    (no amulet)
Stlth  ++++......               (no ring)
                                (no ring)

@: agile, tree-form, not resistant to hostile enchantments, stealthy
A: no striking features
a: Renounce Religion


You were on level 3 of the Dungeon.
You worshipped Sif Muna.
Sif Muna was noncommittal.
You were not hungry.
You were a tree.
You visited 2 branches of the dungeon, and saw 5 of its levels.

You collected 13 gold pieces.

Inventory:

Hand weapons
 h - a +0 short sword (weapon)
Armour
 a - a +0 robe (melded)
 b - a +0 hat (melded)
Magical devices
 k - a wand of slowing (22)
Scrolls
 e - a scroll of immolation {unknown}
 i - a scroll of teleportation {unknown}
 l - a scroll of identify {unknown}
Potions
 f - a potion of agility
 j - a potion of lignification
Books
 c - a book of Minor Magic

   Spells                             Type                      Level
   a - Magic Dart                     Conjuration                  1
   b - Blink                          Translocation                2
   c - Call Imp                       Summoning                    2
   d - Repel Missiles                 Charms/Air                   2
   e - Slow                           Hexes                        2
   f - Conjure Flame                  Conjuration/Fire             3
   g - Mephitic Cloud                 Conjuration/Poison/Air       3
Comestibles
 d - a bread ration


   Skills:
 + Level 2.8 Dodging
 - Level 2.4 Stealth
 * Level 4.5 Spellcasting
 * Level 2.0 Conjurations
 - Level 1.1 Summonings
 - Level 1.1 Translocations


You had 5 spell levels left.
You knew the following spells:

 Your Spells              Type           Power        Failure   Level  Hunger
a - Magic Dart            Conj           ##..         6%          1    None
c - Call Imp              Summ           #.......     12%         2    #......
d - Blink                 Tloc           N/A          12%         2    #......


Dungeon Overview and Level Annotations

Branches:
Dungeon (4/15)             Temple (1/1) D:4

Altars:
Ashenzari
Cheibriados
Dithmenos
Elyvilon
Fedhas
Gozag
Kikubaaqudgha
Makhleb
Nemelex Xobeh
Okawaru
Qazlal
Ru
Sif Muna
Trog
Vehumet
Xom
Yredelemnul
Zin


Message History

Something hits you but does no damage.
You hit something. Something hits you but does no damage.
You closely miss something. Something hits you but does no damage.
You miss something. Something hits you but does no damage.
You miss something. Something hits you but does no damage.
You barely miss something.
You hear some strange, mumbled words.
Something hits you but does no damage.
You hit something but do no damage. Something hits you but does no damage.
You miss something.
You hear some strange, mumbled words.
The puff of frost hits you! Something hits you but does no damage.
You closely miss something. Something hits you but does no damage.
You barely miss something. Something hits you but does no damage.
You hit something. Something hits you but does no damage.
Something hits you but does no damage.
You miss something. Something hits you but does no damage.
You hear some strange, mumbled words.
The magic dart hits you!
You die...

######### ###
##.......# ...
##...####<##.#
##.#.#.###)...#
#♣#...#.....###
#.#{......#....#
#.........#.##.#
#.#.........#
...
##.......####
### #..#.#.##
#.#....# #..


There were no monsters in sight!

Vanquished Creatures
  2 orcs
  A bat (D:1)
  A hobgoblin (D:2)
  A jackal (D:1)
  A ball python (D:1)
  A giant newt (D:4)
  2 goblins (D:2)
  A kobold (D:1)
  A rat (D:1)
11 creatures vanquished.

Vanquished Creatures (collateral kills)
  An orc (D:4)
1 creature vanquished.

Vanquished Creatures (others)
  An iron imp (D:4)
1 creature vanquished.

Grand Total: 13 creatures vanquished

Notes
Turn   | Place    | Note
--------------------------------------------------------------
     0 | D:1      | faibistes, the Deep Elf Wizard, began the quest for the Orb.
     0 | D:1      | Reached XP level 1. HP: 10/10 MP: 6/6
   245 | D:3      | Reached XP level 2. HP: 15/15 MP: 1/9
   301 | D:3      | Learned a level 2 spell: Blink
   304 | D:3      | Learned a level 2 spell: Call Imp
   345 | D:4      | Found a staircase to the Ecumenical Temple.
   354 | Temple   | Entered the Ecumenical Temple
   427 | Temple   | Became a worshipper of Sif Muna the Loreminder
   503 | D:3      | Killed from afar by an orc wizard

Action                   || total
-------------------------++-------
Melee: Short sword       ||    12
 Cast: Magic Dart        ||    26
       Call Imp          ||     2
  Use: Potion            ||     2
